 Dungeon Crawl Stone Soup version 0.29.1-12-g30fa7ad0bf (webtiles) character file.

Game seed: 2788283493592277991

752 zeram the Covert (level 7, -6/41 HPs)
             Began as an Octopode Enchanter on Dec 24, 2022.
             Mangled by a killer bee (7 damage)
             ... while paralysed by Grinder
             ... on level 5 of the Dungeon.
             The game lasted 00:07:13 (4963 turns).

zeram the Covert (Octopode Enchanter)               Turns: 4963, Time: 00:07:13

Health: -6/41      AC:  1    Str: 13    XL:     7   Next: 78%
Magic:  10/10      EV:  2    Int: 19    God:
Gold:   137        SH:  0    Dex: 19    Spells: 5/10 levels left

rFire   . . .      SeeInvis .   a - +2 dagger (vamp)
rCold   . . .      Faith    .   (no shield)
rNeg    . . .      Spirit   .   (helmet restricted)
rPois   .          Reflect  .   (no amulet)
rElec   .          Harm     .   p - +6 ring of dexterity
rCorr   .          Rampage  .   r - +6 ring of strength
Will    .....                   (no ring)
Stlth   +++++.....              (no ring)
HPRegen 0.13/turn               (no ring)
MPRegen 0.12/turn               (no ring)
                                (no ring)
                                (no ring)

@: paralysed
A: almost no armour, amphibious, 8 rings, camouflage 1, gelatinous body 1,
(nimble swimmer 1), tentacles
a: no special abilities


You were on level 5 of the Dungeon.
You visited 1 branch of the dungeon, and saw 5 of its levels.

You collected 176 gold pieces.
You spent 39 gold pieces at shops.

Inventory:

Hand Weapons
 a - a +2 vampiric dagger (weapon)
 k - a +1 dagger of freezing
Jewellery
 p - a +6 ring of dexterity (left tentacle)
 r - a +6 ring of strength (right tentacle)
Scrolls
 f - 3 scrolls of teleportation
 s - a scroll of blinking
Potions
 c - a potion of resistance
 d - 2 potions of lignification
 g - a potion of curing
 h - a potion of brilliance {unknown}
 i - a potion of heal wounds {unknown}
 j - a potion of mutation {unknown}
 l - a potion of degeneration {unknown}
 o - a potion of might {unknown}
 q - a potion of ambrosia {unknown}


   Skills:
 + Level 4.2 Short Blades
 + Level 3.5 Dodging
 + Level 9.5 Stealth
 + Level 2.2 Spellcasting
 + Level 3.5 Hexes


You had 5 spell levels left.
You knew the following spells:

 Your Spells              Type           Power      Damage    Failure   Level
a - Ensorcelled Hibernat  Hex/Ice        16%        N/A       12%         2
b - Tukima's Dance        Hex            15%        N/A       12%         3

Your spell library contained the following spells:

 Spells                   Type           Power      Damage    Failure   Level
 Confusing Touch          Hex            15%        N/A       12%         3
 Sandblast                Erth           4%         2d4       17%         1
 Dazzling Flash           Conj/Hex       16%        N/A       24%         3
 Silence                  Hex/Air        4%         N/A       91%         5
 Lee's Rapid Deconstruct  Erth           1%         3d5*      99%         5
 Chain Lightning          Conj/Air       1%         3d1       100%        9


Dungeon Overview and Level Annotations

Branches:
Dungeon (5/15)
 Temple: D:4-7

Altars:
Fedhas
Kikubaaqudgha
Nemelex Xobeh
Qazlal
Ru
Trog
Uskayaw
Vehumet

Shops:
D:1 (   D:2 *([

Annotations:
D:5 Grinder


Innate Abilities, Weirdness & Mutations

You cannot wear most types of armour.
You are amphibious.
You can wear up to eight rings at the same time.
Your skin changes colour to match your surroundings (Stealth+).
Your rubbery body absorbs attacks. (AC +1, EV +1)
((You are camouflaged when in or above water. (Stealth+)))
You have tentacles for arms and can constrict up to eight enemies at once.


Message History

An ufetubus comes into view.
Found 6 gold pieces.
An orc comes into view. It is wielding a +0 hand axe.
A necrophage comes into view.
The ufetubus shouts!
An orc wizard comes into view. It is wielding a +0 dagger.
The orc misses you.
Grinder comes into view.
The orc wizard shouts!
You hit the orc. Your grab misses the orc.
The orc is severely wounded.
You hit the orc.
You kill the orc!
The ufetubus misses you. The ufetubus barely misses you.
You hit the ufetubus but do no damage. You grab the ufetubus.
You constrict the ufetubus.
Grinder says, "DUCK!"
Grinder gestures at you.
You suddenly lose the ability to move!
You lose your grip on the ufetubus.
The ufetubus hits you. x2
You hear the brisk rusting of a drain very nearby.
The ufetubus hits you. x2
The orc wizard casts a spell.
The orc wizard flickers and vanishes!
Deactivating autopickup; reactivate with Ctrl-A.
A jelly comes into view.
The ufetubus hits you. x2; The necrophage hits you.
The orc hits you with a +0 hand axe. The ufetubus hits you. x2
The killer bee stings you.
* * * LOW HITPOINT WARNING * * *
The ufetubus hits you.
* * * LOW HITPOINT WARNING * * *
The ufetubus hits you.
* * * LOW HITPOINT WARNING * * *
The necrophage hits you.
* * * LOW HITPOINT WARNING * * *
The orc hits you with a +0 hand axe.
* * * LOW HITPOINT WARNING * * *
The killer bee stings you!
You die...

.#..... .. ..
.......#.# ...
...J...#.# #.#
##.....#.# #.#
....(..#.# #.#
.......5.###### ###
#.. #....5o.......
..# #.. #....n@#..#
#.# ##..
#....y....## #.#
#..# .....#...#..#
#.###..# ####
##..#..#####.#.....
#..#........#.####
#..#.#####....#
#.$#.# #.>.##
#..### ##### ...#


You could see Grinder, a necrophage, a jelly, a killer bee, an orc and an
ufetubus.

Vanquished Creatures
  A hornet (D:4)
  Sigmund (D:3)
  A phantom (D:4)
  A scorpion (D:4)
  2 killer bees (D:5)
  2 iguanas (D:4)
  5 adders
  An ufetubus (D:4)
  A worm (D:2)
  3 dart slugs
  3 orcs
  3 bats
  14 endoplasms
  3 giant cockroaches
  7 goblins
  4 hobgoblins
  3 jackals (D:1)
  7 kobolds
  3 quokkas (D:1)
  3 ball pythons
  4 frilled lizards
  7 rats
79 creatures vanquished.

Notes
Turn   | Place    | Note
-------+----------+-------------------------------------------
     0 | D:1      | zeram the Octopode Enchanter began the quest for the Orb.
     0 | D:1      | Reached XP level 1. HP: 11/11 MP: 3/3
   341 | D:1      | Reached XP level 2. HP: 12/17 MP: 5/5
   952 | D:1      | Found a faded altar of an unknown god.
  1161 | D:1      | Found Ofifez's Weapon Shoppe.
  1172 | D:1      | Reached XP level 3. HP: 18/21 MP: 6/6
  1187 | D:1      | Learned a level 2 spell: Ensorcelled Hibernation
  1582 | D:2      | Found Piubium's Weapon Emporium.
  1836 | D:2      | Reached skill level 5 in Stealth
  1953 | D:2      | Found Fioq Oge's Antique Armour Emporium.
  2204 | D:2      | Reached XP level 4. HP: 27/27 MP: 7/7
  2269 | D:2      | Found Foil's General Store.
  2309 | D:2      | Bought a scroll of teleportation for 39 gold pieces
  2335 | D:2      | Learned a level 3 spell: Tukima's Dance
  2459 | D:3      | Found a sacrificial altar of Ru.
  2523 | D:3      | Noticed Sigmund
  2537 | D:3      | Killed Sigmund
  2538 | D:3      | Reached skill level 7 in Stealth
  2538 | D:3      | Reached XP level 5. HP: 12/31 MP: 8/8
  2538 | D:3      | Reached XP level 6. HP: 14/36 MP: 9/9
  2751 | D:3      | Found a bloodstained altar of Trog.
  2763 | D:3      | Found a blossoming altar of Fedhas.
  2764 | D:3      | Found a radiant altar of Vehumet.
  2766 | D:3      | Found a sparkling altar of Nemelex Xobeh.
  2766 | D:3      | Found an ancient bone altar of Kikubaaqudgha.
  2767 | D:3      | Found a stormy altar of Qazlal.
  2773 | D:3      | Found a hide-covered altar of Uskayaw.
  3513 | D:4      | Identified the +1 ring mail "Luots" {Will+ Int+4}
  3728 | D:4      | Noticed a hornet
  3912 | D:4      | Paralysed by a hornet for 1 turns
  3917 | D:4      | Killed a hornet
  3918 | D:4      | Reached skill level 8 in Stealth
  3918 | D:4      | Reached XP level 7. HP: 22/41 MP: 10/10
  4147 | D:4      | Reached skill level 9 in Stealth
  4309 | D:4      | Got Joqasm's Quarto of the Terrestrial Zephyr
  4567 | D:5      | Entered Level 5 of the Dungeon
  4957 | D:5      | Noticed Grinder
  4960 | D:5      | Paralysed by Grinder for 3 turns
  4963 | D:5      | HP: 1/41 [orc/+0 hand axe (4)]
  4963 | D:5      | Mangled by a killer bee

Illustrated notes

Levels and vault maps discovered:
D:1:      dpeg_arrival_round_a, layout_rooms, serial_shops, shop,
          hellmonk_ecumenical_altar_zigzags
D:2:      layout_basic, serial_shops, shop, nicolae_shop_bloodbath_and_beyond,
          shop
D:3:      layout_basic, nicolae_overflow_hallway_of_the_gods,
          nicolae_ru_sacrificial_ziggurat, grunt_decor_resistance, uniq_sigmund
D:4:      minmay_chambers_of_fours, layout_basic
D:5:      layout_basic, minmay_temple_entry_tees, gup_sewer_entry_bubbles,
          uniq_grinder

Skill      XL: |  1  2  3  4  5  6  7 |
---------------+----------------------+-----
Stealth        | 5 7 8 9 |  9.5
Short Blades   | 2 3 4 |  4.2
Dodging        | 3 |  3.5
Spellcasting   | |  2.2
Hexes          | |  3.5

Action                   |  1- 3 |  4- 6 |  7- 9 || total
-------------------------+-------+-------+-------++-------
Melee: Dagger            |    91 |    58 |    27 ||   176
       Constrict         |    17 |    12 |     6 ||    35
       Tentacles         |    13 |    14 |     9 ||    36
 Cast: Ensorcelled Hiber |     1 |       |       ||     1
  Use: Scroll            |       |     8 |     4 ||    12
       Potion            |       |     2 |     2 ||     4
 Stab: Sleeping          |    17 |     8 |     1 ||    26
       Invisible         |       |     1 |     1 ||     2
Armor: Skin              |     7 |     2 |     2 ||    11
Dodge: Dodged            |    71 |    41 |    31 ||   143
